Match 44508826
Unlisted

Match 44508826
End
Kettenkrad Recon Vehicle
Selects Luftwaffe Battlegroup
Selects Luftwaffe Pioneer Support
Fallschirmpioneer Squad Paradrop
Fallschirmpioneer Squad Paradrop
Construct Infanterie Kompanie
MG 42 Machine Gun Team
Infanterie Officer Quarters
Selects Reconnaissance Run
Fallschirmpioneer Squad Paradrop
Construct Panzergrenadier Kompanie
Selects Fallschirmjäger Squad Paradrop
Pak 40 Anti-tank Gun Team
Fallschirmjäger Squad Paradrop
Fallschirmjäger Squad Paradrop
Panzergrenadier Officer Quarters
Selects Fragmentation Bombs
Selects Flak 38 Anti-Air Emplacement
Support Elements
Fragmentation Bombs
StuG III G Assault Gun
Evelynn
BlueSkidrow™
WilllTHENOOBz
NEP_wilson_NEP
0
0

Comments sign in to comment!

No comments posted yet!